UAA
PHOENIX HOTSPUR YOUTH @ RICHLAND RAILS
06/19/2019
 
TOP OF THE 1ST
Phoenix Hotspur Youth batting - Pitching for Richland Rails : RHP Huai-yu Kan
Pitching: RHP Huai-yu Kan
Batting: RHB Dan Perkins 0-0: Ball
1-0: Swinging Strike
1-1: SINGLE (Line Drive, 6MD)
Batting: SHB Jesús González 0-0: Ball
1-0: Ball
2-0: Foul Ball, location: 2F
2-1: Called Strike
2-2: Strikes out swinging
Batting: RHB Pete Davidson 0-0: Called Strike
0-1: Ball
1-1: Ball
2-1: Foul Ball, location: 2F
2-2: SINGLE (Flyball, 9S)
Dan Perkins to second
Runner from 2nd tries for 3rd, SAFE, throw made to third
Batting: LHB José Villarreal 0-0: Ball
1-0: Called Strike
1-1: SINGLE (Groundball, 6MD)
Dan Perkins scores
Pete Davidson to second
Batting: RHB Martín Martínez 0-0: Called Strike
0-1: Foul Ball, location: 2F
0-2: Ball
1-2: Strikes out swinging
Batting: RHB Júlio Mateo 0-0: Swinging Strike
0-1: Ball
1-1: Ball
2-1: Ball
3-1: Called Strike
3-2: Foul Ball, location: 2F
3-2: Base on Balls
Pete Davidson to third
José Villarreal to second
Batting: RHB Ben Anderson 0-0: Swinging Strike
0-1: Ball
1-1: Called Strike
1-2: Ground out 6-3 (Groundball, 6)
Top of the 1st over - 1 run(s), 3 hit(s), 0 error(s), 3 left on base; Phoenix Hotspur 1 - Richland 0
BOTTOM OF THE 1ST
Richland Rails batting - Pitching for Phoenix Hotspur Youth : RHP Paul Stuart
Pitching: RHP Paul Stuart
Batting: RHB Ramón Cruz 0-0: Called Strike
0-1: Ball
1-1: Ball
2-1: Ground out 6-3 (Groundball, 6)
Batting: RHB Andrew Hall 0-0: Ball
1-0: Foul Ball, location: 2F
1-1: DOUBLE (Flyball, 7LM)
Batting: RHB Miguel Vidro 0-0: Called Strike
0-1: Ball
1-1: Swinging Strike
1-2: Strikes out swinging
Batting: RHB Gustavo Berrios 0-0: Ball
1-0: Foul Ball, location: 2F
1-1: Ball
2-1: Ball
3-1: Called Strike
3-2: Base on Balls
Batting: RHB Jack Davis 0-0: Foul Ball, location: 2F
0-1: Ball
1-1: DOUBLE (Popup, 3D)
Andrew Hall scores
Gustavo Berrios to third
Runner from 3rd tries for Home, SAFE, no throw or cutoff
Batting: RHB Alexis Smeddon 0-0: Ball
Wild Pitch!
Jack Davis to third
1-0: Ball
2-0: Foul Ball, location: 2F
2-1: SINGLE (Line Drive, 34D)
Jack Davis scores
Batting: RHB Bernardo Cruz 0-0: Ball
1-0: Foul Ball, location: 2F
1-1: Called Strike
1-2: Foul Ball, location: 2F
1-2: Ball
2-2: Foul Ball, location: 2F
2-2: Ball
3-2: Base on Balls
Alexis Smeddon to second
Batting: RHB Tiaki Kunani 0-0: Swinging Strike
0-1: Ball
1-1: Foul Ball, location: 2F
1-2: Ball
2-2: Foul Ball, location: 2F
2-2: Ball
3-2: Strikes out swinging
Bottom of the 1st over - 3 run(s), 3 hit(s), 0 error(s), 2 left on base; Phoenix Hotspur 1 - Richland 3
TOP OF THE 2ND
Phoenix Hotspur Youth batting - Pitching for Richland Rails : RHP Huai-yu Kan
Batting: RHB Marc Meertens 0-0: Called Strike
0-1: Swinging Strike
0-2: SINGLE (Line Drive, 8RS)
Batting: LHB Arthur Ryan 0-0: DOUBLE (Groundball, 3L)
Marc Meertens to third
Runner from 3rd tries for Home, SAFE, no throw or cutoff
Batting: RHB Dan Perkins 0-0: Ball
1-0: Swinging Strike
1-1: Foul Ball, location: 2F
1-2: Strikes out swinging
Batting: SHB Jesús González 0-0: Called Strike
Arthur Ryan is caught stealing 3rd base
0-1: Ball
1-1: Ball
2-1: Foul Ball, location: 2F
2-2: Strikes out looking
Top of the 2nd over - 1 run(s), 2 hit(s), 0 error(s), 0 left on base; Phoenix Hotspur 2 - Richland 3
BOTTOM OF THE 2ND
Richland Rails batting - Pitching for Phoenix Hotspur Youth : RHP Paul Stuart
Batting: RHB Sake van Arem 0-0: Ball
1-0: Called Strike
1-1: Called Strike
1-2: Ball
2-2: Ball
3-2: Foul Ball, location: 2F
3-2: Base on Balls
Batting: RHB Ramón Cruz 0-0: Ball
1-0: Called Strike
1-1: Foul Ball, location: 2F
1-2: Ball
2-2: Ball
3-2: Foul Ball, location: 2F
3-2: Strikes out swinging
Batting: RHB Andrew Hall 0-0: Ball
1-0: Called Strike
1-1: Ball
Sake van Arem is caught stealing 2nd base
2-1: Ball
3-1: SINGLE (Line Drive, 89M)
Batting: RHB Miguel Vidro 0-0: Foul Ball, location: 2F
0-1: Ball
1-1: Swinging Strike
1-2: Strikes out looking
Bottom of the 2nd over - 0 run(s), 1 hit(s), 0 error(s), 1 left on base; Phoenix Hotspur 2 - Richland 3
TOP OF THE 3RD
Phoenix Hotspur Youth batting - Pitching for Richland Rails : RHP Huai-yu Kan
Batting: RHB Pete Davidson 0-0: Ball
1-0: Ball
2-0: Ball
3-0: Called Strike
3-1: Called Strike
3-2: Foul Ball, location: 2F
3-2: Foul Ball, location: 2F
3-2: Fly out, F8 (Flyball, 8RS)
Batting: LHB José Villarreal 0-0: Ball
1-0: Called Strike
1-1: Ball
2-1: Foul Ball, location: 2F
2-2: Strikes out swinging
Batting: RHB Martín Martínez 0-0: Ball
1-0: Fly out, F8 (Flyball, 8LM)
Top of the 3rd over - 0 run(s), 0 hit(s), 0 error(s), 0 left on base; Phoenix Hotspur 2 - Richland 3
BOTTOM OF THE 3RD
Richland Rails batting - Pitching for Phoenix Hotspur Youth : RHP Paul Stuart
Batting: RHB Gustavo Berrios 0-0: Foul Ball, location: 2F
0-1: Ball
1-1: Ground out 6-3 (Groundball, 6)
Batting: RHB Jack Davis 0-0: Called Strike
0-1: Ball
1-1: Foul Ball, location: 2F
1-2: Ball
2-2: Ground out 5-3 (Groundball, 5)
Batting: RHB Alexis Smeddon 0-0: Foul Ball, location: 2F
0-1: Ground out 1-3 (Groundball, 15)
Bottom of the 3rd over - 0 run(s), 0 hit(s), 0 error(s), 0 left on base; Phoenix Hotspur 2 - Richland 3
TOP OF THE 4TH
Phoenix Hotspur Youth batting - Pitching for Richland Rails : RHP Huai-yu Kan
Batting: RHB Júlio Mateo 0-0: Ball
1-0: Ball
2-0: Called Strike
2-1: Foul Ball, location: 2F
2-2: Foul Ball, location: 2F
2-2: Ball
3-2: Strikes out looking
Batting: RHB Ben Anderson 0-0: Called Strike
0-1: Ball
1-1: Called Strike
1-2: Strikes out looking
Batting: RHB Marc Meertens 0-0: Ball
1-0: Ball
2-0: Called Strike
2-1: Foul Ball, location: 2F
2-2: Strikes out swinging
Top of the 4th over - 0 run(s), 0 hit(s), 0 error(s), 0 left on base; Phoenix Hotspur 2 - Richland 3
BOTTOM OF THE 4TH
Richland Rails batting - Pitching for Phoenix Hotspur Youth : RHP Paul Stuart
Batting: RHB Bernardo Cruz 0-0: Swinging Strike
0-1: Called Strike
0-2: Strikes out swinging
Batting: RHB Tiaki Kunani 0-0: Called Strike
0-1: Ball
1-1: Called Strike
1-2: Strikes out swinging
Batting: RHB Sake van Arem 0-0: Ball
1-0: SINGLE (Flyball, 78S)
Batting: RHB Ramón Cruz 0-0: Fielders Choice at 2nd, 5-4 (Groundball, 56)
Bottom of the 4th over - 0 run(s), 1 hit(s), 0 error(s), 0 left on base; Phoenix Hotspur 2 - Richland 3
TOP OF THE 5TH
Phoenix Hotspur Youth batting - Pitching for Richland Rails : RHP Huai-yu Kan
Batting: LHB Arthur Ryan 0-0: Called Strike
0-1: Foul Ball, location: 2F
0-2: Strikes out looking
Batting: RHB Dan Perkins 0-0: Called Strike
0-1: Ball
1-1: SINGLE (Groundball, 34D)
Batting: SHB Jesús González 0-0: Called Strike
Dan Perkins steals 2nd base
0-1: Ground out 6-3 (Groundball, 6M)
Dan Perkins to third
Batting: RHB Pete Davidson 0-0: Ball
1-0: Ball
2-0: Called Strike
2-1: Fly out, F7 (Line Drive, 78M)
Top of the 5th over - 0 run(s), 1 hit(s), 0 error(s), 1 left on base; Phoenix Hotspur 2 - Richland 3
BOTTOM OF THE 5TH
Richland Rails batting - Pitching for Phoenix Hotspur Youth : RHP Paul Stuart
Batting: RHB Andrew Hall 0-0: Ball
1-0: Ground out 3-1 (Groundball, 34)
Batting: RHB Miguel Vidro 0-0: Called Strike
0-1: Swinging Strike
0-2: Foul Ball, location: 2F
0-2: Strikes out swinging
Batting: RHB Gustavo Berrios 0-0: Ball
1-0: SINGLE (Line Drive, 9S)
Batting: RHB Jack Davis 0-0: Ball
1-0: Foul Ball, location: 2F
1-1: SINGLE (Groundball, 5L)
Gustavo Berrios to second
Batting: RHB Alexis Smeddon 0-0: Swinging Strike
0-1: Ball
1-1: Foul Ball, location: 2F
1-2: Strikes out swinging
Bottom of the 5th over - 0 run(s), 2 hit(s), 0 error(s), 2 left on base; Phoenix Hotspur 2 - Richland 3
TOP OF THE 6TH
Phoenix Hotspur Youth batting - Pitching for Richland Rails : RHP Huai-yu Kan
Batting: LHB José Villarreal 0-0: Foul Ball, location: 2F
0-1: Ball
1-1: Foul Ball, location: 2F
1-2: Ball
2-2: Strikes out looking
Batting: RHB Martín Martínez 0-0: Ball
1-0: Called Strike
1-1: Swinging Strike
1-2: Ground out 2-3 (Groundball, 25)
Batting: RHB Júlio Mateo 0-0: Swinging Strike
0-1: Foul Ball, location: 2F
0-2: Ball
1-2: Foul Ball, location: 2F
1-2: Ball
2-2: Strikes out swinging
Top of the 6th over - 0 run(s), 0 hit(s), 0 error(s), 0 left on base; Phoenix Hotspur 2 - Richland 3
BOTTOM OF THE 6TH
Richland Rails batting - Pitching for Phoenix Hotspur Youth : RHP Paul Stuart
Batting: RHB Bernardo Cruz 0-0: Ball
1-0: SINGLE (Groundball, 34)
Batting: RHB Tiaki Kunani 0-0: Ball
1-0: Ball
2-0: Foul Ball, location: 2F
2-1: Swinging Strike
2-2: Foul Ball, location: 2F
2-2: Foul Ball, location: 2F
2-2: Ball
3-2: Strikes out swinging
Pitching: LHP Luis Ortíz
Batting: RHB Sake van Arem 0-0: Called Strike
0-1: Called Strike
0-2: Ball
1-2: SINGLE (Flyball, 8RS)
Bernardo Cruz to second
Batting: RHB Ramón Cruz 0-0: Fly out, F6 (Line Drive, 6)
Batting: RHB Andrew Hall 0-0: Foul Ball, location: 2F
0-1: Foul Ball, location: 2F
0-2: Ball
1-2: Hit by Pitch
Bernardo Cruz to third
Sake van Arem to second
Batting: RHB Miguel Vidro 0-0: Ball
1-0: SINGLE (Groundball, 13) (infield hit)
Bernardo Cruz scores
Sake van Arem to third
Andrew Hall to second
Batting: RHB Gustavo Berrios 0-0: Ball
1-0: Called Strike
1-1: Fly out, F8 (Line Drive, 8LM)
Bottom of the 6th over - 1 run(s), 3 hit(s), 0 error(s), 3 left on base; Phoenix Hotspur 2 - Richland 4
TOP OF THE 7TH
Phoenix Hotspur Youth batting - Pitching for Richland Rails : RHP Huai-yu Kan
Batting: RHB Ben Anderson 0-0: Ball
1-0: Ground out 5-3 (Groundball, 5S)
Batting: RHB Marc Meertens 0-0: Called Strike
0-1: Swinging Strike
0-2: Strikes out looking
Batting: LHB Arthur Ryan 0-0: Swinging Strike
0-1: Ball
1-1: Swinging Strike
1-2: Foul Ball, location: 2F
1-2: Foul Ball, location: 2F
1-2: SINGLE (Line Drive, 7S)
Pitching: RHP Tim Gordon
Batting: RHB Dan Perkins 0-0: Ball
Arthur Ryan is caught stealing 2nd base
Top of the 7th over - 0 run(s), 1 hit(s), 0 error(s), 0 left on base; Phoenix Hotspur 2 - Richland 4
BOTTOM OF THE 7TH
Richland Rails batting - Pitching for Phoenix Hotspur Youth : LHP Luis Ortíz
Batting: RHB Jack Davis 0-0: Ground out 5-3 (Groundball, 56)
Batting: RHB Alexis Smeddon 0-0: Swinging Strike
0-1: Swinging Strike
0-2: Foul Ball, location: 2F
0-2: Ball
1-2: Strikes out swinging
Batting: RHB Bernardo Cruz 0-0: Called Strike
0-1: Ball
1-1: Ball
2-1: Foul Ball, location: 2F
2-2: Foul Ball, location: 2F
2-2: Foul Ball, location: 2F
2-2: Ball
3-2: Fly out, F9 (Flyball, 89S)
Bottom of the 7th over - 0 run(s), 0 hit(s), 0 error(s), 0 left on base; Phoenix Hotspur 2 - Richland 4
TOP OF THE 8TH
Phoenix Hotspur Youth batting - Pitching for Richland Rails : RHP Tim Gordon
Batting: RHB Dan Perkins 0-0: Fly out, F8 (Flyball, 8LM)
Batting: SHB Jesús González 0-0: Called Strike
0-1: Ball
1-1: Called Strike
1-2: Foul Ball, location: 2F
1-2: Ball
2-2: Ball
3-2: Foul Ball, location: 2F
3-2: Foul Ball, location: 2F
3-2: Base on Balls
Pitching: RHP Jim Unknown
Batting: RHB Pete Davidson 0-0: Called Strike
0-1: Swinging Strike
0-2: Ball
1-2: Ball
2-2: Ball
3-2: Grounds into double play, U6-3 (Groundball, 6)
Top of the 8th over - 0 run(s), 0 hit(s), 0 error(s), 0 left on base; Phoenix Hotspur 2 - Richland 4
BOTTOM OF THE 8TH
Richland Rails batting - Pitching for Phoenix Hotspur Youth : LHP Luis Ortíz
Batting: RHB Tiaki Kunani 0-0: Ball
1-0: Fly out, F7 (Line Drive, 7S)
Pitching: RHP Jesús Olvero
Batting: RHB Sake van Arem 0-0: Fly out, F7 (Line Drive, 7M)
Batting: RHB Ramón Cruz 0-0: Called Strike
0-1: Foul Ball, location: 2F
0-2: Foul Ball, location: 2F
0-2: SINGLE (Groundball, 56D)
Batting: RHB Andrew Hall 0-0: Ball
1-0: Ball
2-0: Called Strike
2-1: Called Strike
2-2: Ball
3-2: Strikes out swinging
Bottom of the 8th over - 0 run(s), 1 hit(s), 0 error(s), 1 left on base; Phoenix Hotspur 2 - Richland 4
TOP OF THE 9TH
Phoenix Hotspur Youth batting - Pitching for Richland Rails : RHP Jim Unknown
Pitching: RHP Emílio Zaragoza
Batting: LHB José Villarreal 0-0: Ball
1-0: Foul Ball, location: 2F
1-1: SINGLE (Groundball, 56D)
Pinch Hitting: LHB Jim Unknown 0-0: Fielders Choice at 2nd, 1-4 (Groundball, 15)
Pinch Hitting: LHB Jim Unknown 0-0: Called Strike
0-1: Ball
1-1: Fly out, F8 (Flyball, 8LD)
Pinch Hitting: RHB Jim Unknown 0-0: Called Strike
0-1: Ball
1-1: Fielders Choice at 2nd, U6 (Groundball, 6M)
Top of the 9th over - 0 run(s), 1 hit(s), 0 error(s), 1 left on base; Phoenix Hotspur 2 - Richland 4
This league is powered by Out of the Park Baseball, the baseball management simulation game for PC, Mac and Linux
Saturday, July 25th, 2015 - OOTP Baseball 15.6 Build 34